AoeStats
← ANGELSTON

QS Arena

503272802Analyzed
4v4 RM · 10d ago on Aug 30, 2026· 22m 45s· 8 players
Game mode
Random Map
Map size
Large (8 player)
Population
200
Speed
Normal
Resources
Standard
Victory
Conquest
Starting age
Dark Age
Ending age
Imperial Age
RankedLock teamsTeams togetherTeam positionsShared explorationLock speedFull tech treeHidden civsTurbo modeCheats
Victory
Defeat
🇦🇷 Britons · Argentina
1160
+13
🇳🇱 Mongols · Netherlands
1113
+15
🇦🇷 Jurchens · Argentina
1074
+17
🇺🇸 Turks · United States
1066
+17
🇨🇴 Chinese · Colombia
1139
-18
🇨🇴 Spanish · Colombia
1132
-17
🇨🇴 Persians · Colombia
1088
-15
🇨🇴 Spanish · Colombia
1014
-12
soyluzon
8:23 Feudal Age
10:00 Wheelbarrow
13:02 Castle Age
14:01 Double-Bit Axe
16:46 Scale Barding Armor
17:51 Town Watch
17:53 Loom
23:14 Husbandry
BELL7814
DARLINSON2350
7:27 Loom
9:13 Feudal Age
10:18 Double-Bit Axe
10:16 Horse Collar
19:13 Castle Age
17:50 Wheelbarrow
ANGELSTON
0:26 Loom
8:23 Feudal Age
12:16 Castle Age
11:01 Double-Bit Axe
12:08 Gold Mining
12:00 Horse Collar
xunil
10:24 Feudal Age
15:29 Castle Age
19:49 Imperial Age
17:18 Double-Bit Axe
18:28 Gold Mining
Ageric
8:07 Feudal Age
11:58 Castle Age
10:58 Loom
13:14 Double-Bit Axe
13:23 Gold Mining
14:56 Bow Saw
14:48 Man-at-Arms
18:18 Scale Mail Armor
18:24 Long Swordsman
T@n0 Loc0-!
8:45 Feudal Age
12:51 Castle Age
11:26 Town Watch
11:52 Loom
11:55 Town Watch
13:41 Double-Bit Axe
18:54 Fletching
18:57 Horse Collar
guarda
8:47 Feudal Age
7:02 Loom
9:49 Loom
12:51 Castle Age
11:22 Double-Bit Axe
11:31 Horse Collar
12:59 Stone Mining
14:39 Gold Mining
15:34 Fletching
19:06 Ballistics
19:20 Bodkin Arrow
22:24 Bow Saw
22:32 Padded Archer Armor
Connection lost

Rejoining the realm…

Still unreachable

The connection could not be restored.

Session expired

The server has moved on; the page needs a fresh start.